 Dungeon Crawl Stone Soup version 0.31-a0-704-g1016066182 (webtiles) character file.

Game seed: 8456772970634473807

497005 Bnni the Harbinger of Death (level 26, -6/203 HPs)
             Began as a Formicid Fighter on Sept 9, 2023.
             Was an Initiate of Yredelemnul.
             Mangled by a formless jellyfish (9 damage)
             ... on level 2 of the Pits of Slime.
             The game lasted 03:19:59 (46247 turns).

Bnni the Harbinger of Death (Formicid Fighter)     Turns: 46247, Time: 03:20:00

Health: -6/203     AC: 33    Str: 31    XL:     26   Next: 42%
Magic:  12/39      EV: 10    Int: 16    God:    Yredelemnul [......]
Gold:   3661       SH: 14    Dex: 16    Spells: 22/25 levels left

rFire   + . .        p - +6 bardiche (flame)
rCold   + . .        s - +0 kite shield "Dipisyoc" {Contam rElec rN+++ Str-4}
rNeg    + + +        V - +9 plate armour of Nimo {rElec rF- rC+ Regen+}
rPois   +            (helmet unavailable)
rElec   +            x - +0 cloak "Kunnif" {Contam Str+9 Slay+4 Stlth-}
rCorr   +            j - +2 pair of gloves "Atyxasourgh" {rC+ Will+ rCorr}
SInv    +            J - +0 pair of boots {Fly}
Will    +++..        K - amulet of faith Stlth
                     B - ring "Jirghoom" {rPois rF+ Str-5 Int+6 Dex+3}
HPRegen 1.33/turn    w - ring of protection from fire
MPRegen 0.26/turn

%: clarity, faith
@: mighty, engulfed (cannot breathe), flying, constricted, studying Long Blades
A: permanent stasis, dig shafts and tunnels, antennae 3, four strong arms,
clarity, frail 1, cold vulnerability 1, inability to drink after injury 1
}: 2/15 runes: barnacled, gossamer
a: Dig, Shaft Self, Renounce Religion, Recall Undead Harvest


You were on level 2 of the Pits of Slime.
You worshipped Yredelemnul.
Yredelemnul was extremely pleased with you.
You visited 10 branches of the dungeon, and saw 44 of its levels.
You also visited: Bailey, Gauntlet, Ice Cave and Wizlab.

You collected 5534 gold pieces.
You spent 1873 gold pieces at shops.

Inventory:

Hand Weapons
 p - a +6 bardiche of flaming (weapon)
 D - a +5 bardiche of distortion
Missiles
 a - 9 darts of dispersal
 r - 43 boomerangs
 G - 4 silver javelins
 N - 19 javelins
 Q - 3 throwing nets
 X - 5 curare-tipped darts
Armour
 j - the +2 pair of gloves "Atyxasourgh" (worn) {rC+ Will+ rCorr}
   (You found it on level 4 of the Vaults)

   rC+:       It protects you from cold.
   Will+:     It increases your willpower.
   rCorr:     It protects you from acid and corrosion.
 s - the +0 kite shield "Dipisyoc" (worn) {Contam rElec rN+++ Str-4}
   (You took it off an orc warlord on level 4 of the Vaults)

   Str-4:     It affects your strength (-4).
   rElec:     It insulates you from electricity.
   rN+++:     It renders you almost immune to negative energy.
   Contam:    It causes magical contamination when unequipped.
 x - the +0 cloak "Kunnif" (worn) {Contam Str+9 Slay+4 Stlth-}
   (You found it in a wizard's laboratory)

   Str+9:     It affects your strength (+9).
   Slay+4:    It affects your accuracy & damage with ranged weapons and melee
   (+4).
   Contam:    It causes magical contamination when unequipped.
   Stlth-:    It makes you less stealthy.
 J - a +0 pair of boots of flying (worn)
 V - the +9 plate armour of Nimo (worn) {rElec rF- rC+ Regen+}
   (You took it off a merfolk on level 4 of the Shoals)

   rF-:       It makes you vulnerable to fire.
   rC+:       It protects you from cold.
   rElec:     It insulates you from electricity.
   Regen+:    It increases your rate of health regeneration.
Jewellery
 d - an amulet of regeneration
 q - the ring of Freedom {Contam rElec rC++ MP+9 Dex+6}
   (You found it on level 4 of the Vaults)

   [ring of dexterity]

   Dex+6:     It affects your dexterity (+6).
   rC++:      It greatly protects you from cold.
   rElec:     It insulates you from electricity.
   MP+9:      It affects your magic capacity (+9).
   Contam:    It causes magical contamination when unequipped.
 w - a ring of protection from fire (right hand)
 B - the ring "Jirghoom" (left hand) {rPois rF+ Str-5 Int+6 Dex+3}
   (You acquired it on level 2 of the Elven Halls)

   [ring of protection from fire]

   Str-5:     It affects your strength (-5).
   Int+6:     It affects your intelligence (+6).
   Dex+3:     It affects your dexterity (+3).
   rF+:       It protects you from fire.
   rPois:     It protects you from poison
 F - the ring of the Rose {Will- AC+4 Int+6 Dex+4}
   (You acquired it on level 2 of the Depths)

   [ring of protection]

   AC+4:      It affects your AC (+4).
   Int+6:     It affects your intelligence (+6).
   Dex+4:     It affects your dexterity (+4).
   Will-:     It decreases your willpower.
 K - an amulet of faith (around neck)
Wands
 f - a wand of flame (95)
 n - a wand of mindburst (21)
 C - a wand of quicksilver (19)
 M - a wand of digging (20)
 T - a wand of iceblast (39)
Scrolls
 b - 10 scrolls of immolation
 c - 5 scrolls of silence
 h - 8 scrolls of enchant armour
 k - 13 scrolls of revelation
 o - 3 scrolls of butterflies
 u - a scroll of amnesia
 y - 3 scrolls of fog
 z - a scroll of fear
Potions
 e - 7 potions of heal wounds
 g - 7 potions of attraction
 i - 12 potions of enlightenment
 l - 3 potions of magic
 m - 7 potions of ambrosia
 v - a potion of resistance
 A - 12 potions of curing
 I - 4 potions of invisibility
 O - 6 potions of mutation
 S - 3 potions of might
 U - 3 potions of cancellation
Miscellaneous
 t - a phantom mirror
 R - a sack of spiders
 W - a lightning rod (4/4)
 Z - a phial of floods


   Skills:
 + Level 22.7 Fighting
 - Level 24.0 Polearms
 + Level 6.6 Throwing
 + Level 16.2 Armour
 + Level 11.0 Dodging
 - Level 15.0 Shields
 * Level 25.9 Invocations


You had 22 spell levels left.
You knew the following spells:

 Your Spells              Type           Power      Damage    Failure   Level
a - Apportation           Tloc           0%         N/A       86%         1
b - Lesser Beckoning      Tloc           0%         N/A       94%         2

Your spell library contained the following spells:

 Spells                   Type           Power      Damage    Failure   Level
 Foxfire                  Conj/Fire      0%         2x1d4     86%         1
 Kiss of Death            Conj/Necr      0%         2d5       86%         1
 Magic Dart               Conj           0%         1d3       86%         1
 Necrotise                Necr           0%         1d4       86%         1
 Shock                    Conj/Air       0%         1d3       86%         1
 Slow                     Hex            0%         N/A       86%         1
 Sting                    Tmut/Pois      0%         1d3       86%         1
 Cigotuvi's Dreadful Rot  Necr/Pois/Air  0%         N/A       94%         2
 Ensorcelled Hibernation  Hex/Ice        0%         N/A       94%         2
 Jinxbite                 Hex            0%         N/A       94%         2
 Momentum Strike          Conj/Tloc      0%         3d8       94%         2
 Passwall                 Tmut/Erth      0%         N/A       94%         2
 Poisonous Vapours        Pois/Air       0%         N/A       94%         2
 Searing Ray              Conj           0%         2d4       94%         2
 Static Discharge         Conj/Air       0%         2-2/arc   94%         2
 Confusing Touch          Hex            0%         N/A       99%         3
 Dazzling Flash           Conj/Hex       0%         N/A       99%         3
 Gell's Gravitas          Tloc           0%         N/A       99%         3
 Inner Flame              Hex/Fire       0%         N/A       99%         3
 Ozocubu's Armour         Ice            0%         N/A       99%         3
 Sigil of Binding         Hex            0%         N/A       99%         3
 Teleport Other           Tloc           0%         N/A       99%         3
 Tukima's Dance           Hex            0%         N/A       99%         3
 Vampiric Draining        Necr           0%         2d6       99%         3
 Volatile Blastmotes      Fire/Tloc      0%         2d10      99%         3
 Airstrike                Air            0%         2d(0-16)  100%        4
 Anguish                  Hex/Necr       0%         N/A       100%        4
 Animate Armour           Summ/Erth      0%         N/A       100%        4
 Cause Fear               Hex            0%         N/A       100%        4
 Dimensional Bullseye     Hex/Tloc       0%         N/A       100%        4
 Dispel Undead            Necr           0%         3d6       100%        4
 Fulminant Prism          Conj/Hex       0%         3d5       100%        4
 Iskenderun's Mystic Bla  Conj/Tloc      0%         2d3       100%        4
 Olgreb's Toxic Radiance  Pois           0%         N/A       100%        4
 Passage of Golubria      Tloc           0%         N/A       100%        4
 Summon Lightning Spire   Summ/Air       0%         N/A       100%        4
 Agony                    Necr           0%         N/A       100%        5
 Alistair's Intoxication  Tmut/Pois      0%         N/A       100%        5
 Arcjolt                  Conj/Air       0%         1d10      100%        5
 Borgnjor's Vile Clutch   Necr/Erth      0%         N/A       100%        5
 Fireball                 Conj/Fire      0%         3d3       100%        5
 Irradiate                Conj/Tmut      0%         3d11      100%        5
 Iskenderun's Battlesphe  Conj           0%         2d6       100%        5
 Lee's Rapid Deconstruct  Erth           0%         3d4*      100%        5
 Metabolic Englaciation   Hex/Ice        0%         N/A       100%        5
 Silence                  Hex/Air        0%         N/A       100%        5
 Summon Forest            Summ/Tloc      0%         N/A       100%        5
 Summon Mana Viper        Hex/Summ       0%         N/A       100%        5
 Yara's Violent Unravell  Hex/Tmut       0%         3d3       100%        5
 Dispersal                Tloc           0%         N/A       100%        6
 Eringya's Noxious Bog    Tmut/Pois      0%         4d6       100%        6
 Leda's Unmaking          Conj/Erth      0%         9d1       100%        6
 Plasma Beam              Fire/Air       0%         2x1d10    100%        6
 Starburst                Conj/Fire      0%         6d3       100%        6
 Summon Cactus Giant      Summ           0%         N/A       100%        6
 Enfeeble                 Hex            0%         N/A       100%        7
 Malign Gateway           Summ/Tloc      0%         N/A       100%        7
 Spellforged Servitor     Conj/Summ      0%         N/A       100%        7
 Disjunction              Tloc           0%         N/A       100%        8
 Lehudib's Crystal Spear  Conj/Erth      0%         10d2      100%        8
 Maxwell's Capacitive Co  Air            0%         ∞         100%        8
 Summon Horrible Things   Summ           0%         N/A       100%        8
 Dragon's Call            Summ           0%         N/A       100%        9
 Blink                    Tloc           Unusable   N/A       N/A         2
 Swiftness                Air            Unusable   N/A       N/A         3
 Vhi's Electric Charge    Tloc/Air       Unusable   N/A       N/A         4
 Death Channel            Necr           Unusable   N/A       N/A         6
 Simulacrum               Ice/Necr       Unusable   N/A       N/A         6

Dungeon Overview and Level Annotations

Branches:
Dungeon (15/15)            Temple (1/1) D:6            Lair (5/5) D:8
 Shoals (4/4) Lair:3       Spider (4/4) Lair:3        Slime (2/5) Lair:4
    Orc (2/2) D:12            Elf (3/3) Orc:2        Vaults (4/5) D:14
  Crypt (0/3) Vaults:2     Depths (4/4) D:15            Zot (0/5) Depths:4
 Bailey (visited)           IceCv (visited)          WizLab (visited)
Gauntlet (visited)

Altars:
Ashenzari
Cheibriados
Dithmenos
Elyvilon
Fedhas
Gozag
Hepliaklqana
Kikubaaqudgha
Makhleb
Nemelex Xobeh
Okawaru
Qazlal
Ru
Sif Muna
Trog
Uskayaw
Vehumet
Wu Jian
Xom
Yredelemnul
Zin
The Shining One
Jiyva

Shops:
D:11 *   D:12 !   Orc:2 :!*:   Shoals:4 [   Vaults:1 :   Vaults:3 [*!
Vaults:4 (*   Depths:2 *

Portals:
Hell: Depths:1 Depths:2 Depths:3 Depths:4
Abyss: Depths:3
Pandemonium: Depths:1 Depths:2
Ziggurat: Depths:3
Trove: D:10 (show slimy rune of Zot)

Annotations:
Slime:2 Dissolution
Elf:2 3 runed translucent doors


Innate Abilities, Weirdness & Mutations

You cannot be hasted, slowed, berserked, paralysed or teleported.
You can dig through walls and to a lower floor.
You have a pair of large antennae on your head. (SInv)
Your four strong arms can wield two-handed weapons with a shield.
You possess an exceptional clarity of mind.
You are frail. (-10% HP)
You are vulnerable to cold. (rC-)
You occasionally lose the ability to drink potions when taking damage.


Message History

* * * LOW HITPOINT WARNING * * *
Your lungs strain for air!
The floating eye's stare focuses on you.
The formless jellyfish stings you but does no damage.
The great orb of eyes bites you but does no damage.
You block the quicksilver ooze's attack.
The quicksilver ooze hits you but does no damage.
A slime creature comes into view.
Two slime creatures merge to form a large slime creature.
The formless jellyfish stings you!
* * * LOW HITPOINT WARNING * * *
The formless jellyfish constricts you.
Unknown command.
You cannot read scrolls while unable to breathe!
* * * LOW HITPOINT WARNING * * *
Your lungs strain for air!
You block the quicksilver ooze's attack. x2
The floating eye's view fixates on you.
The floating eye gazes piercingly through you!
Your stasis prevents you from being paralysed.
The formless jellyfish stings you!
* * * LOW HITPOINT WARNING * * *
The great orb of eyes bites you but does no damage.
The formless jellyfish barely misses you.
The formless jellyfish constricts you.
* * * LOW HITPOINT WARNING * * *
You begin to dig a shaft.
You continue digging a shaft.
* * * LOW HITPOINT WARNING * * *
Your lungs strain for air!
The quicksilver ooze closely misses you.
You block the quicksilver ooze's attack.
The formless jellyfish stings you but does no damage.
The floating eye's view fixates on you. The quicksilver ooze hits you.
You block the quicksilver ooze's attack.
The great orb of eyes barely misses you.
The slime creature hits you but does no damage.
The formless jellyfish stings you!
You die...
Your body rises from the dead as a mindless zombie.

.............
..##^...........
..#.#.......><..
......J.........#
................#
#......JG......#
#......GJJ.....#
#..JJJJ@..#...##
#..JJGJJG......##
#..J##.#....#....#
.., ###..<..# .
#.....## {
.........#
........##
.......###
.......#


You could see Dissolution (possessable), 2 formless jellyfish, an acid blob, an
azure jelly, a great orb of eyes (summoned), a very large slime creature, 2
large slime creatures, 4 slime creatures, a shining eye (summoned), a
quicksilver ooze and 2 floating eyes.

Vanquished Creatures
  A dread lich (Depths:2)
  A juggernaut (Depths:4)
  Margery (Vaults:3)
  A golden dragon (IceCv)
  3 caustic shrikes (Depths:4)
  the Enchantress (Depths:3)
  A tentacled monstrosity (Depths:4)
  A deep elf blademaster (Elf:3)
  A lich (Depths:1)
  2 sphinxes (Depths:3)
  A deep elf master archer (Elf:3)
  A titan (Depths:3)
  2 acid blobs (Slime:1)
  Frances (D:12)
  An eldritch tentacle (WizLab)
  A kraken (Shoals:4)
  A storm dragon (Vaults:3)
  Roxanne (Shoals:4)
  2 azure jellies (Slime:1)
  A draconian monk (Depths:4)
  3 rockslimes (Slime:1)
  8 frost giants
  3 deep elf elementalists (Elf:3)
  4 fire giants
  2 deep elf sorcerers (Elf:3)
  6 vault wardens
  5 spectral caustic shrikes (Depths:1)
  A cacodemon (WizLab)
  2 iron dragons (Depths:3)
  3 orc warlords
  3 ghost moths
  5 broodmothers
  7 ironbound preservers
  A quicksilver ooze (Slime:2)
  6 spriggan defenders (Depths:3)
  7 stone giants
  5 ironbound thunderhulks
  21 very ugly things
  3 vampire knights
  A war gargoyle (Vaults:4)
  3 formless jellyfish
  3 deep elf demonologists (Elf:3)
  4 black draconians
  2 deep elf annihilators (Elf:3)
  7 dire elephants
  2 yellow draconians
  A purple draconian (Depths:4)
  2 minotaurs
  The ghost of Kiciri the Impaler, a journeyman HuMo of Nemelex Xobeh (D:11)
  Snorg (D:12)
  3 spark wasps
  A merfolk javelineer (Shoals:1)
  4 fire dragons
  4 ettins
  A blizzard demon (Depths:2)
  4 deep elf death magi (Elf:3)
  The ghost of Jolaclal the Thaumaturge, a journeyman DjCj of Makhleb (Lair:2)
  3 entropy weavers
  7 vault guards
  5 merfolk impalers (Shoals:4)
  5 rakshasas
  5 yaktaur captains
  A great orb of eyes (Slime:1)
  An ogre mage (Vaults:2)
  10 ice dragons
  2 hydras
  A jorogumo (Spider:2)
  3 catoblepae
  5 spriggan air magi
  2 merfolk aquamancers
  An alligator snapping turtle (Shoals:4)
  3 centaur warriors
  7 ironbound frosthearts
  A death knight (D:14)
  7 deep troll shamans
  21 dancing weapons
  3 two-headed ogres
  2 satyrs
  7 demonic crawlers
  4 boulder beetles
  A thrashing horror (Gauntlet)
  A death scarab (Spider:4)
  3 deep troll earth magi
  4 tengu warriors
  A shock serpent (Vaults:2)
  16 deep elf knights
  7 hell knights
  3 spriggan berserkers
  3 orc high priests
  A shock serpent (shapeshifter) (Vaults:4)
  A soul eater (WizLab)
  6 iron trolls
  5 pharaoh ants
  3 spriggan druids (Depths:3)
  40 deep trolls
  4 sea snakes
  5 skysharks
  5 spriggan riders
  A spriggan simulacrum (Spider:4)
  5 large abominations (Depths:3)
  A golden dragon skeleton (Depths:2)
  9 deep elf archers
  3 glowing orange brains
  5 orb spiders
  9 wizards
  7 orc knights
  An orange crystal statue (IceCv)
  3 phantasmal warriors
  23 deep elf zephyrmancers
  14 ironbound convokers
  Pikel (D:8)
  2 steelbarb worms (Spider:4)
  7 necromancers
  24 ugly things
  8 lindwurms
  4 starcursed masses (WizLab)
  2 fauns
  27 deep elf pyromancers
  A mana viper (WizLab)
  6 harpies
  14 wolf spiders
  2 shining eyes
  An orc sorcerer (Orc:2)
  A moth of wrath (Spider:2)
  A salamander (Depths:2)
  An oklob plant (Lair:4)
  2 worldbinders
  2 cyclopes
  6 manticores
  A shining eye (shapeshifter) (Vaults:3)
  2 merfolk sirens
  A frost giant skeleton (D:15)
  An iron dragon skeleton (Depths:2)
  A guardian serpent (WizLab)
  34 slime creatures
  A water nymph (shapeshifter) (Depths:2)
  Joseph (D:7)
  7 vault sentinels
  4 black mambas
  A naga mage (Vaults:2)
  5 torpor snails
  21 elephants
  An ice statue (Depths:2)
  A gargoyle (D:14)
  5 water nymphs
  5 storm dragon simulacra (IceCv)
  8 cane toads
  A demonspawn skeleton (WizLab)
  3 rime drakes
  15 yaktaurs
  A kobold demonologist (D:13)
  An unseen horror (Depths:3)
  An efreet (D:15)
  7 golden dragon simulacra (IceCv)
  An anaconda simulacrum (Spider:4)
  A komodo dragon (shapeshifter) (Depths:4)
  6 komodo dragons
  3 tengu conjurers
  5 human skeletons
  4 trolls
  A freezing wraith (Depths:2)
  2 wind drakes (Shoals:4)
  A troll (shapeshifter) (D:14)
  4 meliai
  7 merfolk
  2 alligator simulacra (Spider:4)
  3 hellwings
  3 polar bears
  2 raiju
  18 blink frogs
  17 tarantellas
  10 hornets
  5 dream sheep
  9 snapping turtles
  A human simulacrum (Vaults:2)
  2 air elementals (Elf:2)
  13 jumping spiders
  8 culicivoras
  2 shadows
  6 small abominations
  2 wraiths
  A dire elephant simulacrum (Spider:4)
  13 spriggans
  3 wyverns
  15 water elementals
  37 yaks
  A vampire (D:9)
  2 basilisks
  4 chaos spawn
  3 steam dragons
  2 golden eyes (Slime:1)
  35 redbacks
  6 vampire mosquitoes (D:12)
  A neqoxec (D:12)
  A glowing shapeshifter zombie (Vaults:2)
  A harpy simulacrum (Spider:4)
  A warg (Orc:2)
  An acid dragon (shapeshifter) (Depths:1)
  2 spatial vortices (WizLab)
  18 water moccasins
  A glowing shapeshifter skeleton (Vaults:3)
  3 ice beasts
  3 sky beasts
  2 ice dragon simulacra (IceCv)
  5 black bears
  11 orc warriors
  4 ogres
  The ghost of kal9871 the Charlatan, an amateur DrAr (D:3)
  A human zombie (Vaults:3)
  11 wolves (Lair:5)
  6 boggarts
  6 centaurs
  2 kobold brigands (D:13)
  4 earth elementals
  A deep troll simulacrum (Spider:4)
  4 bullfrogs
  2 gnoll sergeants
  3 scorpions
  16 wights
  A wyvern zombie (D:3)
  A water moccasin skeleton (D:3)
  7 lindwurm simulacra (IceCv)
  5 electric eels
  6 howler monkeys
  6 jellies
  2 quasits (D:12)
  A sleepcap (D:4)
  A centaur skeleton (D:3)
  15 orc priests
  2 hounds
  3 hell rats (Lair:1)
  15 orc wizards
  A lightning spire (Vaults:2)
  11 gnolls
  2 adders
  A white imp (D:8)
  A dart slug (D:2)
  86 orcs
  4 endoplasms
  6 giant cockroaches
  8 goblins
  5 hobgoblins
  4 jackals
  3 quokkas
  3 ball pythons (D:1)
  3 bats
  6 frilled lizards
  8 kobolds
  7 rats
  A lurking horror (WizLab)
  2 tentacles (Shoals:4)
1300 creatures vanquished.

Vanquished Creatures (collateral kills)
  Bai Suzhen (Spider:4)
  Saint Roka (Orc:2)
  The ghost of eruonna the Slayer, a veteran HOBe of Trog (Vaults:4)
  A golden dragon (Depths:4)
  2 caustic shrikes (Depths:4)
  Jory (Vaults:3)
  A lich (Depths:2)
  A deep elf master archer (Elf:3)
  A quicksilver dragon (Depths:3)
  A deep elf blademaster (Elf:3)
  2 sphinxes
  2 acid blobs (Slime:1)
  A storm dragon (Depths:4)
  A shadow dragon (Depths:4)
  A tengu reaver (Vaults:3)
  A fire giant (Depths:4)
  4 frost giants
  A draconian scorcher (Depths:4)
  3 deep elf elementalists (Elf:3)
  A caustic shrike zombie (D:15)
  A spectral caustic shrike (Depths:1)
  9 vault wardens
  A ghost moth (Spider:3)
  2 emperor scorpions (Spider:4)
  2 orc warlords
  2 spriggan defenders
  6 ironbound preservers
  5 ironbound thunderhulks
  5 broodmothers
  A quicksilver ooze (Slime:1)
  A formless jellyfish (Vaults:1)
  14 very ugly things
  4 stone giants
  4 deep elf demonologists (Elf:3)
  4 dire elephants
  2 deep elf annihilators (Elf:3)
  2 deep elf death magi (Elf:3)
  4 merfolk javelineers
  4 spark wasps
  An ettin (Depths:1)
  3 entropy weavers
  5 merfolk impalers
  A fire dragon (Depths:4)
  2 yaktaur captains
  2 great orbs of eyes
  4 ice dragons
  5 vault guards
  A hydra (Lair:5)
  A catoblepas (Shoals:3)
  2 spriggan air magi
  The ghost of Uckausch the Basher, a novice TrBe of Trog (D:11)
  The ghost of Kingank the Fighter, a journeyman GrMo of the Shining One (D:11)
  The ghost of Kingank the Fighter, a journeyman GrMo of the Shining One (D:11)
  2 ironbound frosthearts
  2 jorogumos
  4 radroaches
  Erica (Lair:2)
  3 rakshasas
  5 dancing weapons (Elf:2)
  3 centaur warriors (Vaults:1)
  2 boulder beetles
  2 merfolk aquamancers
  7 deep troll shamans
  2 alligator snapping turtles
  2 deep troll earth magi
  2 death yaks (Shoals:3)
  2 two-headed ogres
  A titan zombie (Depths:2)
  2 demonic crawlers
  3 hell knights
  The ghost of Ijis the Destroyer, a journeyman DECj of Vehumet (D:11)
  3 deep elf knights
  2 shock serpents (Vaults:2)
  3 orc high priests
  2 spriggan berserkers
  2 skeletal warriors (D:15)
  A titan skeleton (Depths:2)
  A skyshark (Lair:2)
  3 pharaoh ants
  16 deep trolls
  5 iron trolls
  2 sun moths (Spider:4)
  A salamander mystic (Depths:2)
  A glowing orange brain (Depths:4)
  8 sea snakes
  A spriggan rider (Depths:3)
  An obsidian statue (WizLab)
  12 orb spiders
  2 deep elf archers
  A phantasmal warrior (Depths:4)
  A lindwurm (Vaults:2)
  7 harpies
  5 ironbound convokers
  3 wizards
  14 deep elf pyromancers
  A necromancer (Vaults:3)
  A steelbarb worm (Spider:3)
  10 orc knights
  5 deep elf zephyrmancers
  7 fauns
  4 orc sorcerers (Orc:2)
  10 wolf spiders
  A wolf spider (shapeshifter) (Depths:2)
  3 cyclopes
  12 ugly things
  6 merfolk sirens
  2 salamanders (Depths:2)
  2 manticores (Shoals:4)
  An ice statue (Depths:2)
  A fire giant skeleton (Depths:2)
  12 elephants
  5 moths of wrath
  A black mamba (Lair:5)
  8 vault sentinels
  4 water nymphs
  An eye of devastation (Slime:1)
  6 cane toads
  An orange demon (WizLab)
  A human zombie (Vaults:2)
  3 torpor snails
  4 komodo dragons
  9 yaktaurs
  2 rime drakes
  2 freezing wraiths (Depths:2)
  2 tengu conjurers
  A meliai (Shoals:1)
  4 large abominations
  2 wind drakes
  13 merfolk
  3 hornets
  13 tarantellas
  A raiju (Vaults:2)
  An alligator simulacrum (Spider:4)
  4 blink frogs
  2 deep troll zombies (Depths:3)
  3 snapping turtles
  4 dream sheep
  17 slime creatures
  20 jumping spiders
  16 culicivoras
  An air elemental (Vaults:2)
  7 spriggans
  A wyvern (Lair:3)
  10 water elementals
  2 spriggan skeletons (D:15)
  9 yaks
  A basilisk (Lair:5)
  3 golden eyes (Slime:1)
  2 human simulacra (Vaults:3)
  28 redbacks
  A warg (Orc:1)
  A spatial vortex (WizLab)
  6 water moccasins
  13 orc warriors
  4 black bears
  A hornet zombie (Depths:3)
  2 boggarts (Lair:5)
  2 ogres (Orc:2)
  6 wolves
  A kobold brigand (D:13)
  A yaktaur zombie (Vaults:2)
  4 bullfrogs
  3 small abominations
  2 orc priests (Orc:2)
  A starcursed mass (WizLab)
  6 orc wizards
  A hell rat (Lair:1)
  3 lightning spires (Vaults:2)
  A howler monkey zombie (D:7)
  13 orcs
641 creatures vanquished.

Vanquished Creatures (others)
  spectral Arachne (Depths:3)
  A frost giant (Depths:2)
  A deep elf sorcerer (Elf:3)
  A juggernaut zombie (Depths:4)
  2 caustic shrike zombies (Depths:4)
  A spectral cyclops (Shoals:4)
  3 spectral elves
  7 very ugly thing zombies
  A titan zombie (Depths:3)
  A spark wasp zombie (Depths:2)
  A ghost moth zombie (Spider:4)
  3 wizards
  An ironbound convoker (Vaults:3)
  3 broodmother zombies
  8 ugly thing zombies
  3 wolf spider zombies
  2 frost giant zombies
  A shock serpent zombie (Vaults:2)
  A dire elephant zombie (Vaults:3)
  2 spectral rakshasas (Depths:1)
  A sea snake zombie (Shoals:4)
  11 redback zombies
  A yellow draconian zombie (Depths:4)
  A spectral human (Depths:2)
  A steelbarb worm zombie (Spider:4)
  3 harpy zombies
  A demonic crawler zombie (Spider:4)
  3 orb spider zombies
  A hydra zombie (Lair:5)
  A moth of wrath zombie (Spider:3)
  4 culicivora zombies
  8 tarantella zombies
  A great orb of eyes zombie (Vaults:1)
  An ice dragon zombie (IceCv)
  A fire dragon zombie (Depths:1)
  2 meliai zombies (Shoals:1)
  A radroach zombie (Spider:4)
  2 black mamba zombies (Lair:5)
  2 jumping spider zombies
  2 ettin zombies (Depths:1)
  6 slime creature zombies
  A spectral orange demon (WizLab)
  3 merfolk zombies (Shoals:4)
  12 deep troll zombies
  2 two-headed ogre zombies
  2 cane toad zombies (Lair:5)
  A tengu zombie (D:13)
  A water nymph zombie (Shoals:3)
  A water moccasin (Lair:3)
  2 snapping turtle zombies
  2 lindwurm zombies (Vaults:3)
  3 hornet zombies
  5 blink frog zombies
  A dream sheep zombie (Shoals:1)
  19 elf zombies
  30 human zombies
  A boggart (Vaults:1)
  2 torpor snail zombies
  A vampire mosquito zombie (D:12)
  6 yaktaur zombies (Vaults:3)
  A salamander zombie (Depths:2)
  A spectral neqoxec (D:12)
  A komodo dragon zombie (Lair:5)
  6 water moccasin zombies
  A polar bear zombie (Lair:5)
  2 troll zombies
  6 yak zombies
  6 spriggan zombies (Depths:3)
  2 wolf zombies (Lair:5)
  3 centaur zombies
  2 bullfrog zombies
  2 black bear zombies (Lair:5)
  2 boggart zombies
  An acid dragon zombie (Depths:1)
  2 kobold zombies (D:13)
  3 ogre zombies
  A sky beast zombie (Vaults:2)
  2 howler monkey zombies (D:10)
  2 jelly zombies (D:9)
  2 gnoll zombies (D:12)
  38 orc zombies
  A ball lightning (Vaults:2)
  A lurking horror (WizLab)
  2 tentacles (Shoals:4)
283 creatures vanquished.

Grand Total: 2224 creatures vanquished

Notes
Turn   | Place    | Note
-------+----------+-------------------------------------------
     0 | D:1      | Bnni the Formicid Fighter began the quest for the Orb.
     0 | D:1      | Reached XP level 1. HP: 18/18 MP: 1/1
    84 | D:1      | Reached XP level 2. HP: 23/24 MP: 2/2
   806 | D:1      | Reached XP level 3. HP: 29/29 MP: 3/3
  1131 | D:2      | Reached XP level 4. HP: 15/37 MP: 4/4
  1138 | D:2      | Reached skill level 5 in Shields
  1494 | D:2      | Found a snail-covered altar of Cheibriados.
  1943 | D:3      | Found a runed translucent gate.
  1943 | D:3      | Found a runed translucent gate.
  1946 | D:3      | Found a runed translucent gate.
  2061 | D:3      | Found a blossoming altar of Fedhas.
  2191 | D:3      | Found a faded altar of an unknown god.
  2284 | D:3      | Reached XP level 5. HP: 42/42 MP: 5/5
  2394 | D:3      | Noticed kal9871's ghost (amateur DrAr)
  2842 | D:4      | Reached XP level 6. HP: 49/49 MP: 6/6
  2867 | D:4      | Reached skill level 5 in Polearms
  2926 | D:4      | Found a snail-covered altar of Cheibriados.
  3159 | D:5      | Entered Level 5 of the Dungeon
  3186 | D:5      | Reached skill level 5 in Fighting
  3282 | D:4      | Reached XP level 7. HP: 21/56 MP: 7/7
  3630 | D:5      | Found an ornate altar of the Wu Jian Council.
  3846 | D:5      | Noticed a water moccasin
  3860 | D:5      | Killed a water moccasin
  4091 | D:3      | Killed kal9871's ghost
  4104 | D:3      | Reached XP level 8. HP: 52/64 MP: 8/8
  4300 | D:6      | Found a glowing golden altar of the Shining One.
  4420 | D:6      | Found a bloodstained altar of Trog.
  4445 | D:6      | Found a staircase to the Ecumenical Temple.
  4469 | Temple   | Entered the Ecumenical Temple
  4487 | Temple   | Became a worshipper of Yredelemnul the Dark
  4519 | D:6      | Reached skill level 1 in Invocations
  5040 | D:6      | Reached skill level 2 in Invocations
  5365 | D:7      | Identified the staff "Rosics" {Str+3 Summ Earth}
  5490 | D:7      | Reached XP level 9. HP: 63/72 MP: 10/10
  5494 | D:7      | Noticed Joseph
  5505 | D:7      | Noticed Pikel
  5524 | D:7      | Reached skill level 3 in Invocations
  5544 | D:7      | Noticed a hornet
  5548 | D:7      | Killed a hornet
  5549 | D:7      | Reached skill level 4 in Invocations
  5554 | D:7      | HP: 2/73 [Joseph/+0 quarterstaff (7)]
  5556 | D:7      | Killed Joseph
  5569 | D:7      | You fall into a shaft and drop 3 floors!
  5569 | D:10     | Entered Level 10 of the Dungeon
  6093 | D:10     | Reached skill level 5 in Invocations
  6208 | D:10     | Reached * piety under Yredelemnul
  6209 | D:10     | Reached skill level 10 in Polearms
  6209 | D:10     | Reached XP level 10. HP: 74/81 MP: 13/13
  6288 | D:10     | Reached ** piety under Yredelemnul
  6296 | D:10     | Found a flagged portal.
  6307 | Bailey   | Entered a bailey
  6335 | Bailey   | Reached skill level 6 in Invocations
  6674 | Bailey   | Noticed an orc knight
  6684 | Bailey   | Killed an orc knight
  6685 | Bailey   | Reached *** piety under Yredelemnul
  6842 | Bailey   | Identified the +10 plate armour of Midwinter {+Blink +Inv
                  | Regen+ Str-2}
  7110 | D:8      | Killed Pikel
  7265 | D:7      | Identified the +0 ring mail of Omission {rElec Regen+
                  | Dex-5}
  7463 | D:8      | Identified the +5 trident of Guilt {elec, rC+ Str-2 Int+4
                  | Stlth+}
  7563 | D:8      | Reached skill level 7 in Invocations
  7619 | D:8      | Reached XP level 11. HP: 85/89 MP: 16/16
  7653 | D:8      | Found a staircase to the Lair.
  8045 | D:8      | Noticed a two-headed ogre
  8061 | D:8      | Killed a two-headed ogre
  8061 | D:8      | Reached **** piety under Yredelemnul
  8349 | D:9      | Found a viscous altar of Jiyva.
  8430 | D:9      | Reached skill level 10 in Fighting
  8707 | D:9      | Identified the +3 leather armour of Amorality {Str-3
                  | Slay+4}
  8721 | D:9      | Reached skill level 8 in Invocations
  9015 | D:9      | Noticed a cyclops
  9020 | D:9      | Killed a cyclops
  9189 | D:10     | Noticed a vault guard
  9212 | D:10     | Killed a vault guard
  9347 | D:10     | Found a shimmering blue altar of Sif Muna.
  9387 | D:10     | Found a portal to a secret trove of treasure.
  9693 | D:11     | Reached XP level 12. HP: 98/98 MP: 18/18
  9780 | D:11     | Found a transporter.
  9780 | D:11     | Found Ufuac's Assorted Antiques.
  9950 | D:11     | Noticed a boulder beetle
  9968 | D:11     | Killed a boulder beetle
  9969 | D:11     | Reached skill level 10 in Shields
 10064 | D:11     | Found a transporter.
 10105 | D:11     | Found the +2 hood of the Assassin {Detect Stab+ Stlth++}
 10156 | D:11     | Noticed a two-headed ogre
 10164 | D:11     | Killed a two-headed ogre
 10165 | D:11     | Reached skill level 9 in Invocations
 10259 | D:11     | Found a runed translucent gate.
 10259 | D:11     | Found a runed translucent gate.
 10260 | D:11     | Found a runed translucent gate.
 10275 | D:11     | Noticed Uckausch's ghost (novice TrBe)
 10276 | D:11     | Noticed Kiciri's ghost (journeyman HuMo)
 10276 | D:11     | Found the +1 robe of Vines {NoPotionHeal Regen++++}
 10276 | D:11     | Noticed Kingank's ghost (journeyman GrMo)
 10276 | D:11     | Noticed Ijis's ghost (journeyman DECj)
 10277 | D:11     | Noticed Kingank's ghost (journeyman GrMo)
 10289 | D:11     | Killed Ijis's ghost
 10292 | D:11     | Killed Kingank's ghost
 10301 | D:11     | Killed Kingank's ghost
 10303 | D:11     | Killed Uckausch's ghost
 10306 | D:11     | Killed Kiciri's ghost
 10321 | D:11     | Identified the +6 shortbow "Fowaruujea" {elec, rC+ Will+
                  | Dex+4}
 10487 | D:11     | Bought a murky sapphire potion for 22 gold pieces
 10487 | D:11     | Bought a bubbling puce potion for 22 gold pieces
 10608 | D:12     | Noticed Frances
 10726 | D:12     | Noticed a two-headed ogre
 10756 | D:12     | Killed a two-headed ogre
 10757 | D:12     | Reached skill level 5 in Armour
 10791 | D:12     | Noticed a two-headed ogre
 10799 | D:12     | Killed a two-headed ogre
 10879 | D:12     | Found a staircase to the Orcish Mines.
 10892 | D:12     | Reached skill level 10 in Invocations
 10960 | D:12     | Identified the +1 chain mail of Liareasu {rN+}
 11001 | D:12     | Reached XP level 13. HP: 106/106 MP: 20/20
 11099 | D:12     | Found the +6 shillelagh "Devastator" {shatter}
 11172 | D:12     | Found Udduutaa's Distillery.
 11187 | D:12     | Bought a potion of heal wounds for 55 gold pieces
 11254 | D:12     | Noticed Snorg
 11273 | D:12     | Killed Snorg
 11321 | D:12     | Identified the +6 great mace of Ahikk {freeze, rF+}
 11441 | D:12     | Killed Frances
 11680 | D:13     | Noticed a catoblepas
 11702 | D:13     | Killed a catoblepas
 11928 | D:13     | Noticed a catoblepas
 11968 | D:13     | Killed a catoblepas
 12060 | D:13     | Noticed a centaur warrior
 12068 | D:13     | Killed a centaur warrior
 12120 | D:13     | Noticed a four-headed hydra
 12131 | D:13     | Reached ***** piety under Yredelemnul
 12132 | D:13     | Reached skill level 11 in Invocations
 12137 | D:13     | Killed a four-headed hydra
 12500 | D:14     | Reached skill level 15 in Polearms
 12545 | D:14     | Noticed a yaktaur captain
 12546 | D:14     | Found a gate to the Vaults.
 12547 | D:14     | Killed a yaktaur captain
 12707 | D:14     | Noticed a centaur warrior
 12710 | D:14     | Killed a centaur warrior
 13003 | D:14     | Found an ornate altar of the Wu Jian Council.
 13024 | D:14     | Reached XP level 14. HP: 107/116 MP: 22/22
 13727 | Lair:1   | Entered Level 1 of the Lair of Beasts
 14299 | Lair:1   | Reached ****** piety under Yredelemnul
 14307 | Lair:1   | Identified the +9 long sword "Rahonorr" {antimagic, rN+}
 14627 | Lair:2   | Identified a scroll of acquirement
 14627 | Lair:2   | Acquired a +0 bardiche of flaming
 14646 | Lair:2   | Found a gate leading to a gauntlet.
 14658 | Gauntlet | Entered a Gauntlet
 14658 | Gauntlet | Found a transporter.
 14659 | Gauntlet | Found a large runed translucent door.
 14660 | Gauntlet | Found a large runed translucent door.
 14661 | Gauntlet | Found a large runed translucent door.
 14661 | Gauntlet | Found a large runed translucent door.
 14661 | Gauntlet | Found a runed translucent door.
 14662 | Gauntlet | Found a large runed translucent door.
 14663 | Gauntlet | Found a large runed translucent door.
 14664 | Gauntlet | Found a large runed translucent door.
 14664 | Gauntlet | Found a large runed translucent door.
 14665 | Gauntlet | Found a runed translucent gate.
 14665 | Gauntlet | Found a runed translucent gate.
 14667 | Gauntlet | Found a transporter.
 14675 | Gauntlet | Found a runed translucent gate.
 14675 | Gauntlet | Found a runed translucent door.
 14676 | Gauntlet | Found a large runed translucent door.
 14676 | Gauntlet | Found a large runed translucent door.
 14677 | Gauntlet | Found a large runed translucent door.
 14678 | Gauntlet | Found a large runed translucent door.
 14682 | Gauntlet | Found a transporter.
 14687 | Gauntlet | Found a transporter.
 14702 | Gauntlet | Found a transporter.
 14721 | Gauntlet | Found a transporter.
 14733 | Gauntlet | Found a transporter.
 14748 | Gauntlet | Found a transporter.
 14757 | Gauntlet | Found a transporter.
 14769 | Gauntlet | Found a transporter.
 14786 | Gauntlet | Found a transporter.
 14786 | Gauntlet | Found a transporter.
 14824 | Gauntlet | Found a transporter.
 14846 | Gauntlet | Found a transporter.
 14923 | Gauntlet | Found a transporter.
 14950 | Gauntlet | Found a transporter.
 14966 | Gauntlet | Found a large runed translucent door.
 14966 | Gauntlet | Found a large runed translucent door.
 14967 | Gauntlet | Found a large runed translucent door.
 14968 | Gauntlet | Found a large runed translucent door.
 14981 | Gauntlet | Found a transporter.
 15005 | Gauntlet | Found a transporter.
 15092 | Gauntlet | Reached skill level 12 in Invocations
 15105 | Gauntlet | Identified the -2 pair of boots of Koheuf {rC+ Will+}
 15123 | Gauntlet | Noticed a minotaur
 15128 | Gauntlet | Killed a minotaur
 15162 | Lair:2   | Noticed Erica
 15178 | Lair:2   | Killed Erica
 15313 | Lair:2   | Found a transporter.
 15324 | Lair:2   | Noticed Jolaclal's ghost (journeyman DjCj)
 15340 | Lair:2   | Found a transporter.
 15952 | Lair:2   | Killed Jolaclal's ghost
 15954 | Lair:2   | Identified the ring "Rapript" {rC+ Str+6 Dex+3}
 16269 | Lair:3   | Reached XP level 15. HP: 117/124 MP: 24/24
 16443 | Lair:3   | Found a staircase to the Shoals.
 16497 | Lair:3   | Found a hole to the Spider Nest.
 17242 | Lair:4   | Reached skill level 13 in Invocations
 17492 | Lair:4   | Identified the +7 flail of Winter {holy, rF+++ rC- Int-3
                  | SInv}
 17543 | Lair:4   | Reached skill level 10 in Armour
 17689 | Lair:4   | Found a viscous altar of Jiyva.
 17689 | Lair:4   | Found a staircase to the Slime Pits.
 18007 | Lair:5   | Entered Level 5 of the Lair of Beasts
 18367 | Lair:5   | Reached skill level 14 in Invocations
 18417 | Lair:5   | Reached XP level 16. HP: 134/134 MP: 26/26
 18482 | Lair:5   | Got Viel's Vellum of the Loathsome Queen Bee
 19301 | Orc:1    | Entered Level 1 of the Orcish Mines
 19448 | Orc:2    | Entered Level 2 of the Orcish Mines
 19723 | Orc:2    | Noticed Saint Roka
 19741 | Orc:2    | Killed Saint Roka
 19836 | Orc:2    | Found a staircase to the Elven Halls.
 20097 | Orc:2    | Found Asequecw's Book Shop.
 20097 | Orc:2    | Found Urchuubb's Book Shoppe.
 20099 | Orc:2    | Found Xanerad's General Store.
 20099 | Orc:2    | Found Viotanot's Distillery.
 20262 | Orc:2    | Bought a potion of heal wounds for 60 gold pieces
 20609 | Orc:2    | Bought a potion of curing for 36 gold pieces
 20680 | D:12     | Bought a potion of curing for 33 gold pieces
 20680 | D:12     | Bought a potion of curing for 33 gold pieces
 20680 | D:12     | Bought 2 potions of curing for 66 gold pieces
 20680 | D:12     | Bought a potion of brilliance for 44 gold pieces
 20732 | D:15     | Entered Level 15 of the Dungeon
 20790 | D:15     | Reached skill level 15 in Fighting
 20952 | D:15     | Found a staircase to the Depths.
 21011 | D:15     | Reached skill level 15 in Invocations
 21828 | Shoals:1 | Entered Level 1 of the Shoals
 22016 | Shoals:1 | Reached XP level 17. HP: 133/142 MP: 26/28
 22158 | Shoals:1 | Found a hide-covered altar of Uskayaw.
 22224 | Shoals:1 | Identified the +2 longbow of Rostogh {freeze, rElec rF+
                  | rCorr Dex-5}
 22260 | Shoals:1 | Identified the +4 arbalest "Todoupasef" {drain, rPois rCorr
                  | Str+2 Int-3}
 22392 | Shoals:1 | Noticed Aizul
 22400 | Shoals:1 | Killed Aizul
 22400 | Shoals:1 | Charmed Aizul
 22739 | Shoals:2 | Identified the +0 long sword of Trial by Ordeal {flame,
                  | rElec Str+3}
 22918 | Shoals:2 | Reached skill level 16 in Invocations
 23185 | Shoals:3 | Your ally Aizul died
 23216 | Shoals:3 | Noticed Polyphemus
 23224 | Shoals:3 | Killed Polyphemus
 23224 | Shoals:3 | Charmed Polyphemus
 23559 | Shoals:4 | Entered Level 4 of the Shoals
 23781 | Shoals:4 | Your ally Polyphemus died
 24026 | Shoals:3 | Reached XP level 18. HP: 38/153 MP: 30/30
 24602 | Shoals:4 | Identified the +9 plate armour of Nimo {rElec rF- rC+
                  | Regen+}
 24716 | Shoals:4 | Found Opyumamasi's Antique Armour Shop.
 24748 | Shoals:4 | Noticed Roxanne
 24766 | Shoals:4 | Killed Roxanne
 25023 | Shoals:4 | Identified the +1 demon trident of Ovudiagi {elec, Fly
                  | rElec Str+3 Dex+3}
 25273 | Shoals:4 | Noticed a kraken
 25285 | Shoals:4 | Killed a kraken
 25286 | Shoals:4 | Reached skill level 17 in Invocations
 25291 | Shoals:4 | Got a barnacled rune of Zot
 25592 | Spider:1 | Entered Level 1 of the Spider Nest
 27292 | Spider:2 | Noticed Arachne
 27299 | Spider:2 | Killed Arachne
 27299 | Spider:2 | Charmed Arachne
 27718 | Spider:3 | Reached XP level 19. HP: 149/161 MP: 27/31
 28117 | Spider:3 | Identified the +7 long sword of Ru's Castigation {freeze,
                  | Str+3}
 28126 | Spider:3 | Reached skill level 18 in Invocations
 28485 | Spider:4 | Entered Level 4 of the Spider Nest
 28485 | Spider:4 | Noticed Bai Suzhen
 28492 | Spider:4 | Killed Bai Suzhen
 28614 | Spider:4 | Found a frozen archway.
 28633 | IceCv    | Entered an ice cave
 28885 | IceCv    | Noticed a golden dragon
 28904 | IceCv    | Killed a golden dragon
 28929 | IceCv    | Identified the ring of Sunlight {AC+4 Int+3}
 28931 | IceCv    | Identified the ring of Voacer {Ice rElec}
 29848 | Spider:4 | Reached XP level 20. HP: 117/172 MP: 31/33
 30050 | Spider:4 | Reached skill level 19 in Invocations
 30078 | Spider:4 | Got a gossamer rune of Zot
 30812 | Vaults:1 | Entered Level 1 of the Vaults
 31465 | Vaults:1 | Identified the +9 orcbow of the Burning Fool {antimagic,
                  | rC+}
 31868 | Vaults:1 | Identified the +6 scale mail "Batturui" {rN++ Int-4}
 31958 | Vaults:1 | Reached XP level 21. HP: 132/180 MP: 31/34
 32031 | Vaults:1 | Found Vonohoe's Book Shop.
 32045 | Vaults:1 | Reached skill level 1 in Dodging
 32178 | Vaults:2 | Reached skill level 20 in Invocations
 32507 | Vaults:2 | Found a staircase to the Crypt.
 32507 | Vaults:2 | Found an ancient bone altar of Kikubaaqudgha.
 32508 | Vaults:2 | Found a basalt altar of Yredelemnul.
 32728 | Vaults:2 | Got the Monograph on Exhalation
 33504 | Vaults:3 | Noticed Margery
 33530 | Vaults:3 | Killed Margery
 33848 | Vaults:3 | Noticed Jory
 33859 | Vaults:3 | Killed Jory
 33931 | Vaults:3 | Found Jionloh's Assorted Antiques.
 33932 | Vaults:3 | Found Xunny's Armour Shoppe.
 33936 | Vaults:3 | Bought 2 scrolls of enchant weapon for 450 gold pieces
 33944 | Vaults:3 | Bought a blackened jade ring for 150 gold pieces
 34009 | Vaults:3 | Identified the +7 arbalest "Geomoq" {speed, rElec rF+
                  | Int-5}
 34059 | Vaults:3 | Reached XP level 22. HP: 163/190 MP: 36/36
 34324 | Vaults:3 | Found Hiclaih's Distillery.
 34332 | Vaults:3 | Bought a potion of curing for 66 gold pieces
 34332 | Vaults:3 | Bought a potion of curing for 66 gold pieces
 34332 | Vaults:3 | Bought a potion of heal wounds for 110 gold pieces
 34435 | Vaults:4 | Found Gezust's Armour Shop.
 34575 | Vaults:4 | Found Enwomen's General Store.
 34611 | Vaults:4 | Bought an amulet of regeneration for 660 gold pieces
 35076 | Vaults:4 | Reached skill level 5 in Dodging
 35367 | Vaults:4 | Found Xovack's Weapon Shoppe.
 35450 | Vaults:4 | Found a runed translucent gate.
 35450 | Vaults:4 | Noticed eruonna's ghost (veteran HOBe)
 35452 | Vaults:4 | Found a runed translucent gate.
 35452 | Vaults:4 | Found a runed translucent gate.
 35453 | Vaults:4 | Identified the +2 chain mail of the Moon Troll {+Inv rPois
                  | Int+3 SInv}
 35453 | Vaults:4 | Identified the +0 kite shield "Dipisyoc" {Contam rElec
                  | rN+++ Str-4}
 35498 | Vaults:4 | Killed eruonna's ghost
 35503 | Vaults:4 | Reached skill level 15 in Shields
 35520 | Vaults:4 | Identified the +2 pair of gloves "Atyxasourgh" {rC+ Will+
                  | rCorr}
 35522 | Vaults:4 | Identified the ring of Freedom {Contam rElec rC++ MP+9
                  | Dex+6}
 35914 | Depths:1 | Entered Level 1 of the Depths
 35974 | Depths:1 | Reached skill level 21 in Invocations
 36138 | Depths:1 | Found a gateway to Hell.
 36274 | Depths:1 | Reached XP level 23. HP: 167/198 MP: 34/37
 36526 | Depths:1 | Found a bloodstained altar of Trog.
 36570 | Depths:1 | Found a white marble altar of Elyvilon.
 36790 | Depths:1 | Found a one-way gate leading to the halls of Pandemonium.
 37004 | Depths:2 | Noticed a dread lich
 37007 | Depths:2 | Reached skill level 22 in Invocations
 37059 | Depths:2 | Killed a dread lich
 37074 | Depths:2 | Identified the staff of Desperation {rElec Stlth+ Air}
 37334 | Depths:2 | Found Big Baal Hell's Store.
 37960 | Depths:2 | Acquired the ring of the Rose {Will- AC+4 Int+6 Dex+4}
 38420 | Depths:3 | Learned a level 1 spell: Apportation
 38446 | Depths:3 | Reached XP level 24. HP: 154/208 MP: 38/38
 38586 | Depths:3 | Reached skill level 23 in Invocations
 38649 | Depths:3 | You are sucked into a shaft and drop 1 floor!
 38649 | Depths:4 | Entered Level 4 of the Depths
 38757 | Depths:4 | Found a gate to the Realm of Zot.
 38819 | Depths:4 | Found a magical portal.
 38865 | WizLab   | Entered The Roulette of Golubria
 38865 | WizLab   | Found a transporter.
 38922 | WizLab   | Found the +1 cloak of Starlight {*Dazzle EV+4 Stlth--}
 38922 | WizLab   | Found a corrupted altar of Lugonu.
 38962 | WizLab   | Found a corrupted altar of Lugonu.
 38979 | WizLab   | Found a transporter.
 38979 | WizLab   | Found a transporter.
 38980 | WizLab   | Got the Annotations on Angles
 39031 | WizLab   | Found a transporter.
 39035 | WizLab   | Found a transporter.
 39067 | WizLab   | Found a transporter.
 39117 | WizLab   | Found a transporter.
 39153 | WizLab   | Found a transporter.
 39165 | WizLab   | Found a transporter.
 39272 | WizLab   | Found a transporter.
 39356 | WizLab   | Found a transporter.
 39386 | WizLab   | Found a transporter.
 39388 | WizLab   | Identified the +0 cloak "Pawiowa" {SInv}
 39409 | WizLab   | Identified the +0 cloak "Kunnif" {Contam Str+9 Slay+4
                  | Stlth-}
 39415 | WizLab   | Identified the +0 cloak "Tautao" {Contam rElec rPois Will+}
 39463 | WizLab   | Found a transporter.
 39479 | WizLab   | Found a transporter.
 39479 | WizLab   | Found a transporter.
 39498 | WizLab   | Found a transporter.
 39521 | WizLab   | Got Golubria's Opusculum on Angles
 39533 | WizLab   | Found a transporter.
 39533 | WizLab   | Found a transporter.
 39604 | WizLab   | Found a transporter.
 39604 | WizLab   | Found a transporter.
 39681 | Depths:4 | Noticed a golden dragon
 39705 | Depths:4 | Killed a golden dragon
 39755 | Depths:4 | Noticed a juggernaut
 39760 | Depths:4 | Killed a juggernaut
 39807 | Depths:4 | Noticed a caustic shrike
 39807 | Depths:4 | Noticed a caustic shrike
 39809 | Depths:4 | Noticed a caustic shrike
 39813 | Depths:4 | Noticed a caustic shrike
 39815 | Depths:4 | Killed a caustic shrike
 39815 | Depths:4 | Noticed a caustic shrike
 39818 | Depths:4 | Killed a caustic shrike
 39819 | Depths:4 | Killed a caustic shrike
 39827 | Depths:4 | Killed a caustic shrike
 39832 | Depths:4 | Killed a caustic shrike
 39848 | Depths:4 | Found the +3 greatsling "Punk" {acid, rCorr}
 40136 | Depths:4 | Found a glowing golden altar of the Shining One.
 40169 | Depths:4 | Reached skill level 24 in Invocations
 40249 | Depths:4 | Reached skill level 1 in Throwing
 40535 | Depths:3 | Your ally Arachne died
 40541 | Depths:3 | Noticed the Enchantress
 40550 | Depths:3 | Reached XP level 25. HP: 187/216 MP: 34/39
 40587 | Depths:3 | You are sucked into a shaft and drop 1 floor!
 40775 | Depths:3 | Found a glowing silver altar of Zin.
 40775 | Depths:3 | Found a white marble altar of Elyvilon.
 40776 | Depths:3 | Found a glowing golden altar of the Shining One.
 40805 | Depths:3 | Found a one-way gateway to a ziggurat.
 40821 | Depths:3 | Reached skill level 15 in Armour
 40867 | Depths:3 | Found a one-way gate to the infinite horrors of the Abyss.
 41000 | Depths:3 | Killed the Enchantress
 42003 | Elf:1    | Entered Level 1 of the Elven Halls
 42231 | Elf:1    | Reached skill level 10 in Dodging
 42241 | Elf:1    | Got the Compendium of Destruction
 42911 | Elf:1    | Noticed Jorgrun
 42916 | Elf:1    | Killed Jorgrun
 42916 | Elf:1    | Charmed Jorgrun
 43085 | Elf:2    | Reached skill level 25 in Invocations
 43654 | Elf:2    | Found a runed translucent gate.
 43654 | Elf:2    | Found a runed translucent gate.
 43654 | Elf:2    | Found a runed translucent gate.
 43699 | Elf:2    | Reached skill level 5 in Throwing
 43790 | Elf:2    | Acquired the ring "Jirghoom" {rPois rF+ Str-5 Int+6 Dex+3}
 43798 | Elf:2    | Learned a level 2 spell: Lesser Beckoning
 44165 | Elf:3    | Entered Level 3 of the Elven Halls
 44750 | Elf:3    | Reached XP level 26. HP: 220/226 MP: 26/39
 45036 | Elf:3    | Identified the +3 dagger "Feotail" {heavy, rPois rF- Dex+4}
 45062 | Elf:3    | Identified the -1 buckler of Autotheism {Int+4 SInv}
 45090 | Elf:3    | Got the Omnibus of Inhalation
 45103 | Elf:3    | Identified the ring "Nuink" {Ice rN+ Str+5 Int+3}
 45109 | Elf:3    | Identified the +4 great sword "Weriodd" {elec, Str+4}
 45547 | Slime:1  | Entered Level 1 of the Pits of Slime
 45773 | Slime:1  | Gained mutation: You possess an exceptional clarity of
                  | mind. [a shining eye]
 45776 | Slime:1  | Gained mutation: You are frail. (-10% HP) [a shining eye]
 46228 | Slime:2  | Noticed Dissolution
 46237 | Slime:2  | Gained mutation: You occasionally lose the ability to drink
                  | potions when taking damage. [a shining eye]
 46244 | Slime:2  | Gained mutation: You are vulnerable to cold. (rC-) [a
                  | shining eye]
 46246 | Slime:2  | HP: 10/203 [constriction (5)]
 46247 | Slime:2  | HP: 2/203 [drowned by a quicksilver ooze (8)]
 46247 | Slime:2  | Mangled by a formless jellyfish

Illustrated notes

Levels and vault maps discovered:
D:1:      dpeg_arrival_ratfight, layout_basic, nrook_campfire
D:2:      layout_basic, basic_altar, hex_large
D:3:      layout_rooms, mainiacjoe_overflow_six_doors_small,
          gammafunk_ghost_necromancy, hellmonk_ecumenical_altar_run_dry,
          minmay_circle_x
D:4:      layout_basic, lemuel_round_altar
D:5:      layout_rooms, old_standard_altar
D:6:      layout_basic, jmf_multi_god_temple, minmay_temple_entry_slanted,
          chequers_serial_rivers_micro_a
D:7:      layout_cave_pools, serial_undead, serial_undead_b, serial_undead_a,
          serial_undead_e, serial_undead_c, uniq_pikel, uniq_joseph
D:8:      layout_basic, due_lair_maze_entry_diamond, kennysheep_nondescript
D:9:      minmay_cornered_nines, layout_basic, minivault_19, jiyva_altar_1
D:10:     layout_loops_ring, lemuel_crystal_altar, enter_trove_5,
          enter_bailey_2, special_room [special_room_orc]
D:11:     layout_loops_ring, gammafunk_ghost_cemetery, serial_shops,
          nicolae_shop_drivethru
D:12:     layout_loops_ring, minmay_orc_entry_temple_small, serial_demonic,
          serial_demonic_b, serial_demonic_g, serial_demonic_c,
          serial_demonic_f, serial_shops, shop, uniq_frances, uniq_snorg
D:13:     layout_loops_cross
D:14:     layout_basic, david_vaults_2, nzn_wu_jian_council_hall
D:15:     gammafunk_depths_entry_grave, layout_basic, minmay_misc_feat_room
Temple:   nicolae_temple_bog_church
Lair:1:   layout_layer_cave
Lair:2:   layout_small_grid, gammafunk_ghost_berserking_beasts,
          gauntlet_entry_generic, uniq_erica
Lair:3:   layout_cave_pods, elwin_shoals_entry_rooms,
          nicolae_spider_entry_lesser_pyramids, grunt_megastairs_2
Lair:4:   layout_long_grid, dpeg_slime_entry_enclosed, minmay_lair_oklob_bushes
Lair:5:   minmay_lair_end_enchanted_forest, layout_regular_city,
          nicolae_quartered_pool_little, minivault_23
Shoals:1: layout_shoals, regret_index_shoals_crete, uniq_aizul
Shoals:2: layout_shoals
Shoals:3: layout_shoals, nicolae_shoals_mertower, uniq_polyphemus
Shoals:4: shoals_end_hangedman, layout_shoals, serial_shops,
          nicolae_lakefront_shop, uniq_roxanne
Spider:1: layout_chambers
Spider:2: layout_spider_delve, uniq_arachne
Spider:3: layout_spider_delve, spiders_nest_the_unseen
Spider:4: hellmonk_spider_rune_endless_swarm,
          portal_ice_cave_entry_ice_simulacra, uniq_bai_suzhen
Slime:1:  cheibrodos_slime_lost_civilization_10, layout_caves
Slime:2:  layout_caves, uniq_dissolution
Orc:1:    layout_caves, serial_shops, nicolae_shop_tiny_waterfront
Orc:2:    grunt_orc_tribal_feast, layout_caves, basic_altar,
          nicolae_orc_rockfall, uniq_saint_roka
Elf:1:    elf_arrival_002, layout_geoelf_octagon, minmay_elf_annihilation,
          uniq_jorgrun
Elf:2:    nicolae_elf_blades_splatter_lattice
          [nicolae_blade_entry_hurt_lockers], layout_geoelf_octagon,
          grunt_megastairs_4
Elf:3:    elf_hall, layout_loops_cross
Vaults:1: vaults_mumra_hex, dpeg_vaults_monster_box,
          nicolae_vaults_puzzle_piece, grunt_vaults_twisty,
          nicolae_vaults_trapezoid_1, nicolae_vaults_trapezoid_lopsided_1,
          nicolae_vaults_meeting, vaults_dpeg_hooks, vaults_room_stairs_pillars,
          nicolae_vaults_stepped_doors, nicolae_vaults_little_squares_1,
          nicolae_vaults_tetromino_Z_1, v_misc_18, layout_vaults_ring,
          serial_shops, shop
Vaults:2: vaults_dpeg_cross, minmay_crypt_entry_necro_gods, v_pattern_1,
          grunt_vaults_swirl, v_misc_27, v_alt_pattern_4,
          ontoclasm_vaults_shuriken, nicolae_vaults_surprise_closet_hard,
          nicolae_vaults_angled_halls, nicolae_vaults_storage_room_glass,
          vaults_standard_mumra_x, nicolae_vaults_closet_pinwheel_3, v_misc_9,
          layout_vaults_maze_snakey, serial_hangedman_research,
          hangedman_research_electronics
Vaults:3: hangedman_vaults_hard_town_square, hangedman_vaults_nails,
          ontoclasm_vaults_gateway, ontoclasm_vaults_chip,
          nicolae_vaults_trapezoid_4, nicolae_vaults_closet_pinwheel_6,
          nicolae_vaults_offset_grid_hallway_4, v_misc_25,
          ontoclasm_vaults_loading_screen, vaults_room_stairs_pillars,
          nicolae_vaults_apartment_2, nicolae_vaults_yaktaur_gun_rack,
          nicolae_vaults_big_ls, hangedman_vaults_stream,
          grunt_vaults_hallway_long, nicolae_vaults_theta,
          layout_vaults_omnibox, serial_shops, shop, shop, shop, uniq_jory,
          uniq_margery
Vaults:4: biasface_ghost_orc_armoury, nicolae_vaults_network_periphery,
          nicolae_vaults_heist, nicolae_vaults_surprise_closet,
          nicolae_vaults_door_testing_chamber, nicolae_vaults_trapezoid_3,
          nicolae_vaults_taking_the_gang_shopping, v_misc_4,
          layout_vaults_quadrants, serial_shops, shop_coins,
          nicolae_shop_hallway_stairs
Depths:1: layout_cave_pools, lemuel_round_altar, rand_demon_pan_entry_4,
          pf_hell_entry_tar_river, elyvilon_altar_1
Depths:2: cheibrodos_cascadia, layout_gridlike, infiniplex_staircase_zigzag_5,
          pan_entry, nicolae_hell_entry_big_baal_hell
Depths:3: kb_forest_paths, layout_gridlike, enter_ziggurat_a,
          minmay_room_of_horrors, good_gods_temple_1, pf_coc_iceberg,
          uniq_enchantress
Depths:4: grunt_zot_entry_tricorne, layout_honeycomb, hell_entry,
          mu_enter_wizlab_6, lemuel_doored_altar, chequers_serial_rivers_small_3

Skill      XL: |  1  2  3  4  5  6  7  8  9 10 11 12 13 14 15 16 17 18 19 20 21 22 23 24 25 26 |
---------------+-------------------------------------------------------------------------------+-----
Polearms       | 3 4 5 6 8 10 11 12 14 15 16 18 19 20 21 23 24 | 24.0
Shields        | 5 6 9 10 13 15 | 15.0
Fighting       | 4 5 7 8 9 10 11 12 13 14 15 16 17 18 19 20 21 22 | 22.7
Invocations    | 2 5 7 8 10 11 12 14 15 16 17 18 19 20 21 22 24 25 | 25.9
Armour         | 5 7 9 10 11 12 13 14 15 16 | 16.2
Dodging        | 4 6 8 9 10 11 | 11.0
Throwing       | 2 5 6 |  6.6

Action                     |  1- 3 |  4- 6 |  7- 9 | 10-12 | 13-15 | 16-18 | 19-21 | 22-24 | 25-27 || total
---------------------------+-------+-------+-------+-------+-------+-------+-------+-------+-------++-------
  Melee: Trident           |    97 |   161 |   373 |   464 |   869 |   750 |       |       |       ||  2714
         Halberd           |       |       |       |    28 |       |       |       |       |       ||    28
         Glaive            |       |       |       |       |       |   213 |       |       |       ||   213
         Demon trident     |       |       |       |       |       |   165 |       |       |       ||   165
         Bardiche          |       |       |       |       |       |    13 |   775 |   983 |   575 ||  2346
  Throw: Dart              |       |       |       |     5 |     5 |     3 |     2 |       |       ||    15
         Boomerang         |       |       |       |     1 |       |       |     1 |       |       ||     2
         Throwing net      |       |       |       |       |       |       |     1 |       |     3 ||     4
 Invoke: Dark Bargain      |       |       |       |     6 |     6 |    12 |    23 |    16 |    13 ||    76
         Recall Undead Har |       |       |       |     5 |    13 |    31 |    27 |    17 |    14 ||   107
         Bind Soul         |       |       |       |       |     2 |     5 |       |       |     5 ||    12
         Drain Life        |       |       |       |       |       |     2 |     1 |     1 |       ||     4
         Stop Recall       |       |       |       |       |       |       |     1 |       |       ||     1
Ability: Dig               |       |       |     3 |       |       |     3 |     3 |     3 |     3 ||    15
         Shaft Self        |       |       |     1 |       |       |       |       |     1 |     2 ||     4
  Evoke: Wand              |       |       |       |     1 |     4 |    12 |     2 |     2 |       ||    21
         Phantom mirror    |       |       |       |       |     1 |       |       |       |       ||     1
         Sack of spiders   |       |       |       |       |       |     1 |       |       |       ||     1
         Lightning rod     |       |       |       |       |       |       |       |     4 |       ||     4
    Use: Potion            |       |       |     4 |       |     1 |     2 |       |     2 |    13 ||    22
         Scroll            |       |       |     5 |     4 |    14 |    10 |     4 |     4 |     3 ||    44
   Stab: Distracted        |       |       |     1 |     3 |    12 |    24 |    18 |    28 |     8 ||    94
         Confused          |       |       |       |       |     1 |       |       |       |       ||     1
         Fleeing           |       |       |       |       |       |     2 |       |       |       ||     2
         Held in net/web   |       |       |       |       |       |       |     1 |       |       ||     1
 Armour: Scale mail        |    35 |    43 |       |       |       |       |       |       |       ||    78
         Plate armour      |       |    51 |   228 |   167 |   349 |   562 |   388 |   503 |   422 ||  2670
  Dodge: Dodged            |    40 |    29 |    69 |    83 |   169 |   256 |   160 |   262 |   214 ||  1282
  Block: Buckler           |    21 |    47 |   168 |    36 |       |       |       |       |       ||   272
         Reflection        |       |       |     1 |    13 |    21 |    32 |     9 |       |       ||    76
         Kite shield       |       |       |       |   204 |   545 |   741 |   371 |   367 |   262 ||  2490

Table legend: (Time is in decaauts)
 A = Elapsed time spent in this place.
 B = Non-inter-level travel time spent in this place.
 C = Inter-level travel time spent in this place.
 D = Time resting spent in this place.
 E = Time spent auto-exploring this place.
 F = Levels seen in this place.
 G = Mean time per level.
                   A        B        C        D        E       F      G
               +--------+--------+--------+--------+--------+-----+--------+
         Total |  45179 |  41573 |   3606 |   4358 |  23376 |  48 |  941.2 |
       Dungeon |  14691 |  13017 |   1674 |   1149 |   8467 |  15 |  979.4 |
        Temple |     36 |      2 |     34 |      0 |      0 |   1 |   36.0 |
          Lair |   4993 |   4473 |    520 |     54 |   3408 |   5 |  998.6 |
        Shoals |   3762 |   3431 |    331 |   1010 |    490 |   4 |  940.5 |
   Spider Nest |   4498 |   4337 |    161 |    708 |   2281 |   4 | 1124.5 |
    Slime Pits |    675 |    664 |     11 |      0 |    502 |   2 |  337.5 |
  Orcish Mines |   1324 |   1199 |    125 |    366 |    598 |   2 |  662.0 |
   Elven Halls |   3190 |   3084 |    106 |      7 |   2117 |   3 | 1063.3 |
        Vaults |   4809 |   4506 |    303 |    273 |   2222 |   4 | 1202.2 |
        Depths |   4970 |   4633 |    337 |    518 |   2542 |   4 | 1242.5 |
        Bailey |    624 |    624 |      0 |    132 |    210 |   1 |  624.0 |
      Ice Cave |    391 |    391 |      0 |     97 |     17 |   1 |  391.0 |
        Wizlab |    748 |    748 |      0 |     42 |    246 |   1 |  748.0 |
      Gauntlet |    460 |    460 |      0 |      0 |    275 |   1 |  460.0 |
               +--------+--------+--------+--------+--------+-----+--------+

Top non-repeatable levels by time:
Spider:4: 1607 daAuts
Depths:3: 1485 daAuts
Depths:2: 1413 daAuts
Vaults:3: 1406 daAuts
    D:14: 1320 daAuts
    D:10: 1305 daAuts
    D:11: 1271 daAuts
Shoals:4: 1269 daAuts
  Lair:3: 1262 daAuts
Vaults:4: 1261 daAuts
Spider:1: 1251 daAuts
    D:12: 1216 daAuts
Vaults:1: 1210 daAuts
Depths:4: 1184 daAuts
   Elf:2: 1133 daAuts
